 Dungeon Crawl Stone Soup version 0.31-a0-204-g7da18cac08 (webtiles) character file.

Game seed: 5083104392805348200

233 qw the Skirmisher (level 5, -1/30 HPs)
             Began as a Deep Elf Hunter on June 27, 2023.
             Slain by a hobgoblin (3 damage)
             ... on level 4 of the Dungeon.
             The game lasted 00:00:49 (2097 turns).

qw the Skirmisher (Deep Elf Hunter)                 Turns: 2097, Time: 00:00:50

Health: -1/30      AC:  8    Str: 10    XL:     5   Next: 75%
Magic:  7/7        EV: 16    Int: 14    God:
Gold:   156        SH:  0    Dex: 18    Spells: 4/4 levels left

rFire   . . .        Y - +0 shortbow
rCold   . . .        (shield currently unavailable)
rNeg    + . .        g - +0 ring mail
rPois   .            i - +2 helmet
rElec   .            (no cloak)
rCorr   .            (no gloves)
SInv    .            (no boots)
Will    .....        (no amulet)
Stlth   +            d - +5 ring of evasion
HPRegen 0.25/turn    j - ring of positive energy
MPRegen 0.10/turn

%: no passive effects
@: no status effects
A: no striking features
a: no special abilities


You were on level 4 of the Dungeon.
You visited 1 branch of the dungeon, and saw 4 of its levels.

You collected 156 gold pieces.


   Skills:
 - Level 2.1 Fighting
 + Level 9.0 Ranged Weapons
 - Level 2.4 Dodging
 - Level 1.2 Stealth


You had 4 spell levels left.
You didn't know any spells.
Your spell library was empty.

Inventory:

Hand Weapons
 Y - a +0 shortbow (weapon)
Armour
 g - a +0 ring mail (worn)
 i - a +2 helmet (worn)
Jewellery
 d - a +5 ring of evasion (left hand)
 j - a ring of positive energy (right hand)
Scrolls
 a - a scroll of identify
Potions
 e - a potion of resistance
 h - a potion of curing

Dungeon Overview and Level Annotations

Branches:
Dungeon (4/15)
 Temple: D:4-7

Altars:
Kikubaaqudgha

Annotations:
D:4 3 runed translucent doors


Message History

You shoot an arrow.
The arrow hits the hound but does no damage.
The hound is almost dead.
You feel sick. The hound misses you. The hobgoblin barely misses you.
The adder closely misses you. The hound barely misses you.
The hobgoblin completely misses you.
You shoot an arrow. The arrow hits the hound.
The hound is almost dead.
You feel sick. The adder closely misses you. The hound closely misses you.
The adder closely misses you. The hobgoblin barely misses you.
You shoot an arrow. The arrow barely misses the hound.
You feel sick. The hound barely misses you.
The adder bites you but does no damage. The hound closely misses you.
The hobgoblin barely misses you.
You shoot an arrow.
The arrow hits the hound but does no damage.
The hound is almost dead.
You feel sick. The adder barely misses you.
The hound bites you but does no damage. The hobgoblin misses you.
The adder bites you but does no damage. The hound misses you.
You shoot an arrow. The arrow misses the hound.
You feel sick.
You are no longer poisoned.
The hound completely misses you. The adder barely misses you.
The hobgoblin completely misses you.
You shoot an arrow.
The arrow hits the hound but does no damage.
The hound is almost dead.
The hound completely misses you. The adder bites you. The hobgoblin misses you.
The hound bites you but does no damage. The adder completely misses you.
You shoot an arrow. The arrow hits the hound.
You kill the hound!
The hobgoblin closely misses you. The adder bites you but does no damage.
Your Fighting skill increases to level 2!
You shoot an arrow. The arrow hits the adder.
The adder is heavily wounded.
The adder bites you but does no damage. The hobgoblin misses you.
You shoot an arrow. The arrow closely misses the adder.
The adder completely misses you. The hobgoblin hits you.
You die...

......?.<......
...............
.......########
...#..# ...#..#
......+
#######.....[+
#.........#..+
#...S@...#
#....g...#
#........#
....)......#
...........#
...........+
...........#
...#####....


You could see an adder and a hobgoblin.

Vanquished Creatures
  A hound (D:4)
  Jessica (D:3)
  An iguana (D:4)
  An orc wizard (D:3)
  Terence (D:3)
  4 adders
  2 dart slugs
  A worm (D:2)
  5 orcs (D:3)
  3 ball pythons
  5 endoplasms
  2 giant cockroaches
  5 goblins
  2 hobgoblins
  5 quokkas
  3 bats
  6 frilled lizards
  7 kobolds
  7 rats
62 creatures vanquished.

Vanquished Creatures (others)
  A human (D:3)
1 creature vanquished.

Grand Total: 63 creatures vanquished

Notes
Turn   | Place    | Note
-------+----------+-------------------------------------------
     0 | D:1      | qw the Deep Elf Hunter began the quest for the Orb.
     0 | D:1      | Reached XP level 1. HP: 12/12 MP: 3/3
     0 | D:1      | 0 ||| qw: Version: 0.3-a-22-g0ed2b0b
     0 | D:1      | 0 ||| qw: Game counter: 6590
     0 | D:1      | 0 ||| qw: Melee chars always use a shield: true
     0 | D:1      | 0 ||| qw: God list: Okawaru
     0 | D:1      | 0 ||| qw: Allow faded altars: false
     0 | D:1      | 0 ||| qw: Do Orc after clearing Dungeon:15 true
     0 | D:1      | 0 ||| qw: Do second Lair branch before Depths: true
     0 | D:1      | 0 ||| qw: Lair rune preference: random
     0 | D:1      | 0 ||| qw: Goals: Normal
     0 | D:1      | 0 ||| PLANNING D:1-11
   372 | D:1      | Reached skill level 6 in Ranged Weapons
   372 | D:1      | Reached XP level 2. HP: 16/16 MP: 4/4
   520 | D:1      | 520 ||| DROPPING amulet of magic regeneration.
   521 | D:1      | 521 ||| UPGRADING to +5 ring of evasion.
   522 | D:1      | 522 ||| READING 2 scrolls labelled HYCONU EMPAR.
   523 | D:1      | 523 ||| READING scroll labelled QUKHLY GYZECOI.
   524 | D:1      | 524 ||| READING scroll labelled ASIQOBROUWE.
   527 | D:1      | 527 ||| DROPPING scroll of butterflies.
   777 | D:2      | Reached XP level 3. HP: 20/20 MP: 5/5
   824 | D:2      | Reached skill level 7 in Ranged Weapons
  1074 | D:2      | Found a faded altar of an unknown god.
  1275 | D:2      | 1275 ||| UPGRADING to +2 helmet.
  1280 | D:2      | 1280 ||| READING 3 scrolls labelled CEEXKE OTWU.
  1281 | D:2      | 1281 ||| READING scroll labelled XEAMEA OTEU.
  1282 | D:2      | 1282 ||| DRINKING 2 inky potions.
  1283 | D:2      | 1283 ||| READING 2 scrolls of identify.
  1283 | D:2      | 1283 ||| IDENTIFYING black potion
  1284 | D:2      | 1284 ||| DROPPING 2 scrolls of vulnerability.
  1344 | D:3      | Reached XP level 4. HP: 25/25 MP: 6/6
  1393 | D:3      | Noticed Terence
  1418 | D:3      | Killed Terence
  1419 | D:3      | Reached skill level 8 in Ranged Weapons
  1548 | D:3      | Noticed Jessica
  1550 | D:3      | Killed Jessica
  1551 | D:3      | Reached XP level 5. HP: 29/29 MP: 7/7
  1834 | D:3      | Found an ancient bone altar of Kikubaaqudgha.
  1835 | D:3      | Noticed a human
  1837 | D:3      | Killed a human
  2034 | D:3      | 2034 ||| UPGRADING to +0 ring mail.
  2044 | D:3      | 2044 ||| DROPPING +0 leather armour.
  2045 | D:3      | 2045 ||| UPGRADING to ring of positive energy.
  2046 | D:3      | 2046 ||| DRINKING 2 yellow potions.
  2051 | D:4      | Found a runed translucent gate.
  2051 | D:4      | Found a runed translucent gate.
  2051 | D:4      | Found a runed translucent gate.
  2065 | D:4      | HP: 7/29 [iguana (7)]
  2066 | D:4      | 2066 ||| READING scroll of teleportation.
  2066 | D:4      | HP: 2/29 [iguana (5)]
  2067 | D:4      | 2067 ||| DRINKING potion of heal wounds.
  2069 | D:4      | Reached skill level 9 in Ranged Weapons
  2089 | D:4      | HP: 6/29 [poisoned by an adder]
  2094 | D:4      | HP: 1/29 [adder (3)]
  2097 | D:4      | Slain by a hobgoblin

Levels and vault maps discovered:
D:1:      tekkud_arrival_beachfront_property, layout_loops_cross
D:2:      layout_basic, basic_ecumenical_altar
D:3:      layout_basic, tgw_kikubaaqudgha, chequers_serial_rivers_micro_c,
          uniq_jessica, uniq_terence
D:4:      cheibrodos_barr_body, layout_basic, ebering_ghost_gozag,
          grunt_decor_fettered

Skill      XL: |  1  2  3  4  5 |
---------------+----------------+-----
Ranged Weapons | 6 7 8 9 |  9.0
Fighting       | 2 |  2.1
Dodging        | |  2.4
Stealth        | |  1.2

Action                     |  1- 3 |  4- 6 || total
---------------------------+-------+-------++-------
   Fire: Shortbow          |    80 |   114 ||   194
    Use: Scroll            |     6 |     1 ||     7
         Potion            |     1 |     2 ||     3
 Armour: Leather armour    |     4 |     3 ||     7
         Ring mail         |       |    31 ||    31
  Dodge: Dodged            |     6 |   107 ||   113

Table legend:
 A = Non-vault XP
 B = Vault XP
 C = Vault XP percentage of total XP
 D = Non-vault monster count
 E = Vault monster count
 F = Vault count percentage of total count
                 A         B        C        D         E       F
            +---------+---------+-------+---------+---------+-------
      Total |     265 |      69 |  20.7 |      60 |       2 |   3.2
            +---------+---------+-------+---------+---------+-------
        D:1 |      21 |       0 |   0.0 |      14 |       0 |   0.0
        D:2 |      64 |       0 |   0.0 |      21 |       0 |   0.0
        D:3 |      99 |      69 |  41.1 |      22 |       2 |   8.3
        D:4 |      81 |       0 |   0.0 |       3 |       0 |   0.0
            +---------+---------+-------+---------+---------+-------
